 Dungeon Crawl Stone Soup version 0.29.1-1-gd02db6906a (webtiles) character file.

Game seed: 9525349482955534661

4819 safid the Marksminotaur (level 10, 0/77 HPs)
             Began as a Minotaur Hunter on Oct 7, 2022.
             Was an Elder of Okawaru.
             Slain by a yak (11 damage)
             ... on level 9 of the Dungeon.
             The game lasted 00:13:36 (10375 turns).

safid the Marksminotaur (Minotaur Hunter)          Turns: 10375, Time: 00:13:37

Health: 0/77       AC:  8    Str: 15    XL:     10   Next: 24%
Magic:  11/12      EV: 11    Int:  6    God:    Okawaru [****..]
Gold:   544        SH:  0    Dex: 19    Spells: 9/9 levels left

rFire   + . .      SeeInvis +   a - +0 shortbow
rCold   . . .      Faith    .   (shield currently unavailable)
rNeg    . . .      Spirit   .   y - +2 ring mail {rF+}
rPois   .          Reflect  .   (helmet restricted)
rElec   .          Harm     .   (no cloak)
rCorr   .          Rampage  .   (no gloves)
Will    +....                   n - +0 pair of boots
Stlth   +.........              o - amulet of the acrobat
HPRegen 0.22/turn               p - ring of see invisible
MPRegen 0.13/turn               s - ring of willpower

@: no status effects
A: horns 2, retaliatory headbutt
a: Renounce Religion, Heroism, Finesse


You were on level 9 of the Dungeon.
You worshipped Okawaru.
Okawaru was greatly pleased with you.
You visited 1 branch of the dungeon, and saw 9 of its levels.

You collected 544 gold pieces.

Inventory:

Hand Weapons
 a - a +0 shortbow (weapon)
Missiles
 z - 4 curare-tipped darts
Armour
 n - a +0 pair of boots (worn)
 y - a +2 ring mail of fire resistance (worn)
Jewellery
 o - an amulet of the acrobat (around neck)
 p - a ring of see invisible (left hand)
 s - a ring of willpower (right hand)
Wands
 B - a wand of flame (12)
 C - a wand of mindburst (6)
Scrolls
 b - 5 scrolls of immolation
 d - 3 scrolls of teleportation
 e - 3 scrolls of fear
 f - a scroll of amnesia {unknown}
 i - a scroll of torment {unknown}
 j - a scroll of butterflies {unknown}
 r - 2 scrolls of poison {unknown}
 t - a scroll of silence {unknown}
 v - 2 scrolls of noise {unknown}
 w - a scroll of enchant armour {unknown}
 D - 4 scrolls of enchant weapon {unknown}
 E - 3 scrolls of identify
 G - a scroll of magic mapping {unknown}
Potions
 c - 2 potions of attraction {unknown}
 g - a potion of degeneration {unknown}
 h - 2 potions of brilliance
 k - a potion of experience {unknown}
 l - 2 potions of flight
 m - a potion of ambrosia {unknown}
 q - 2 potions of resistance {unknown}
 u - 2 potions of magic
 x - a potion of heal wounds
 A - a potion of mutation {unknown}
 F - a potion of curing


   Skills:
 - Level 3.0 Fighting
 - Level 16.0 Ranged Weapons
 - Level 2.1 Dodging
 - Level 0.7 Stealth
 + Level 4.1 Invocations


You had 9 spell levels left.
You didn't know any spells.
Your spell library contained the following spells:

 Spells                   Type           Power      Damage    Failure   Level
 Apportation              Tloc           0%         N/A       69%         1
 Necrotise                Necr           0%         1d4       69%         1
 Gell's Gravitas          Tloc           0%         N/A       96%         3
 Ignite Poison            Fire/Tmut/Pois 0%         N/A       96%         3
 Lesser Beckoning         Tloc           0%         N/A       96%         3
 Mephitic Cloud           Conj/Pois/Air  0%         N/A       96%         3
 Portal Projectile        Hex/Tloc       0%         N/A       96%         3
 Teleport Other           Tloc           0%         N/A       96%         3
 Passage of Golubria      Tloc           0%         N/A       100%        4
 Blade Hands              Tmut           0%         N/A       100%        5
 Freezing Cloud           Conj/Ice/Air   0%         6-21      100%        5
 Yara's Violent Unravell  Hex/Tmut       0%         3d3       100%        5
 Chain Lightning          Conj/Air       0%         N/A       100%        9
 Fire Storm               Conj/Fire      0%         5d1       100%        9
 Shatter                  Erth           0%         3d5*      100%        9
 Summon Small Mammal      Summ           Unusable   N/A       N/A         1
 Tukima's Dance           Hex            Unusable   N/A       N/A         3

Dungeon Overview and Level Annotations

Branches:
Dungeon (9/15)             Temple (0/1) D:5            Lair (0/5) D:8
    Orc: D:9-12

Altars:
Elyvilon
Fedhas
Hepliaklqana
Makhleb
Okawaru
Wu Jian
Yredelemnul
Lugonu

Portals:
Abyss: D:6


Innate Abilities, Weirdness & Mutations

You have a pair of horns on your head.
You reflexively headbutt those who attack you in melee.


Message History

Aim: a yak (almost dead, 78% to hit)
You shoot an arrow. The arrow hits the yak.
You kill the yak!
Okawaru accepts your kill.
Your Invocations skill increases to level 4!
Fire: a) +0 shortbow
Press: ? - help, Q - select action, (/) - cycle Shift-Dir - straight line, f - yak
Aim: a yak (lightly wounded, 78% to hit)
You shoot an arrow.
The arrow hits the yak but does no damage.
The yak is lightly wounded.
The yak gores you!
Fire: a) +0 shortbow
Press: ? - help, Q - select action, (/) - cycle Shift-Dir - straight line, f/p - yak
Aim: a yak (lightly wounded, 78% to hit)
You shoot an arrow.
The arrow hits the yak but does no damage.
The yak is lightly wounded.
Fire: a) +0 shortbow
Press: ? - help, Q - select action, (/) - cycle Shift-Dir - straight line, f/p - yak
Aim: a yak (lightly wounded, 78% to hit)
You shoot an arrow. The arrow hits the yak!
The yak is heavily wounded.
The yak gores you.
* * * LOW HITPOINT WARNING * * *
Fire: a) +0 shortbow
Press: ? - help, Q - select action, (/) - cycle Shift-Dir - straight line, f/p - yak
Aim: a yak (heavily wounded, 78% to hit)
You shoot an arrow. The arrow hits the yak.
The yak is heavily wounded.
The yak gores you!
* * * LOW HITPOINT WARNING * * *
Fire: a) +0 shortbow
Press: ? - help, Q - select action, (/) - cycle Shift-Dir - straight line, f/p - yak
Aim: a yak (heavily wounded, 78% to hit)
You shoot an arrow.
The arrow hits the yak but does no damage.
The yak is heavily wounded.
The yak gores you!
You die...

#....####.........##.#...##.##
####<......+.........†...........
.....>..####.........##.#...##.##
####.#.## ##.......###.##..##.#
#.#.# ##.....## #.###.##.# ....#
##...## #........# #....# ##'##
#####.#### #....# #.# #.# #.##.#
#@# #.# .. .# #Y# #.# ... #.#
..... #.# ##...## #.# ##.## ..#
#.# ...


You could see a yak.

Vanquished Creatures
  A komodo dragon (D:7)
  Grinder (D:6)
  9 yaks
  A wyvern (D:8)
  2 water moccasins
  An orc warrior (D:8)
  A centaur (D:7)
  2 sky beasts (D:7)
  2 ogres
  A phantom (D:5)
  2 kobold brigands (D:8)
  Blork the orc (D:4)
  5 bullfrogs
  A necrophage (D:6)
  4 scorpions
  7 wights (D:8)
  4 killer bees (D:8)
  2 jellies
  3 hounds
  3 gnoll boudas
  3 orc priests
  An iguana (D:5)
  3 orc wizards
  7 adders
  15 gnolls
  2 shadow imps
  A white imp (D:5)
  An ufetubus (D:5)
  3 worms
  3 dart slugs
  26 orcs
  6 ball pythons
  5 endoplasms
  4 giant cockroaches
  10 goblins
  6 hobgoblins
  4 jackals
  5 quokkas
  5 bats
  2 frilled lizards
  14 kobolds
  4 rats
  A spectral kobold (D:3)
  A lurking horror (D:6)
185 creatures vanquished.

Vanquished Creatures (others)
  20 fungi (D:8)
  36 plants
56 creatures vanquished.

Grand Total: 241 creatures vanquished

Notes
Turn   | Place    | Note
-------+----------+-------------------------------------------
     0 | D:1      | safid the Minotaur Hunter began the quest for the Orb.
     0 | D:1      | Reached XP level 1. HP: 18/18 MP: 0/0
   141 | D:1      | Reached XP level 2. HP: 14/26 MP: 1/1
   535 | D:1      | Reached skill level 5 in Ranged Weapons
   588 | D:1      | Reached XP level 3. HP: 31/31 MP: 2/2
  1378 | D:2      | Found an ornate altar of the Wu Jian Council.
  1646 | D:2      | Reached skill level 6 in Ranged Weapons
  1646 | D:2      | Reached XP level 4. HP: 31/38 MP: 3/3
  2125 | D:3      | Reached XP level 5. HP: 45/45 MP: 4/4
  2129 | D:3      | Reached skill level 7 in Ranged Weapons
  2159 | D:3      | Found a faded altar of an unknown god.
  2200 | D:3      | Found an iron altar of Okawaru.
  2209 | D:3      | Became a worshipper of Warmaster Okawaru
  2232 | D:3      | Found a hazy altar of Hepliaklqana.
  2295 | D:3      | Found a white marble altar of Elyvilon.
  2604 | D:3      | Found a basalt altar of Yredelemnul.
  3049 | D:4      | Reached XP level 6. HP: 35/51 MP: 5/5
  3273 | D:4      | Reached skill level 8 in Ranged Weapons
  3293 | D:4      | Identified the +8 mace "Suhoafis" {venom, rF++ Will+}
  3974 | D:4      | Found a blossoming altar of Fedhas.
  4067 | D:5      | Entered Level 5 of the Dungeon
  4115 | D:5      | Noticed Blork the orc
  4133 | D:5      | Reached skill level 9 in Ranged Weapons
  4133 | D:5      | Reached XP level 7. HP: 33/57 MP: 6/6
  4167 | D:4      | Killed Blork the orc
  4487 | D:5      | Found a staircase to the Ecumenical Temple.
  4546 | D:5      | Reached * piety under Okawaru
  4555 | D:5      | Reached skill level 10 in Ranged Weapons
  5054 | D:6      | Found a corrupted altar of Lugonu.
  5054 | D:6      | Found a one-way gate to the infinite horrors of the Abyss.
  5501 | D:6      | Noticed Grinder
  5502 | D:6      | Paralysed by Grinder for 3 turns
  5522 | D:6      | Paralysed by Grinder for 2 turns
  5531 | D:6      | Killed Grinder
  5531 | D:6      | Reached ** piety under Okawaru
  5532 | D:6      | Reached skill level 11 in Ranged Weapons
  5532 | D:6      | Reached XP level 8. HP: 16/63 MP: 7/7
  6310 | D:6      | Reached skill level 12 in Ranged Weapons
  7014 | D:7      | Identified the +4 plate armour of the Peach {rElec rN+
                  | Str-2 Dex+2}
  7103 | D:7      | Found a burning altar of Makhleb.
  7141 | D:7      | Identified the +9 whip "Starlight" {vorpal, Int+2}
  7224 | D:7      | Reached skill level 13 in Ranged Weapons
  7423 | D:8      | Noticed a komodo dragon
  7442 | D:7      | Killed a komodo dragon
  7443 | D:7      | Reached XP level 9. HP: 28/69 MP: 5/8
  8079 | D:8      | Reached skill level 14 in Ranged Weapons
  8719 | D:8      | Reached *** piety under Okawaru
  8932 | D:7      | Reached skill level 15 in Ranged Weapons
  9609 | D:8      | Reached XP level 10. HP: 71/77 MP: 9/9
  9715 | D:8      | Found a staircase to the Lair.
  9729 | D:8      | Reached **** piety under Okawaru
  9730 | D:8      | Reached skill level 16 in Ranged Weapons
 10033 | D:8      | Reached skill level 1 in Invocations
 10375 | D:9      | Slain by a yak

Illustrated notes

Levels and vault maps discovered:
D:1:      amcnicky_arrival_gap_in_the_tavern_cellar, layout_basic,
          skrybe_limestone_x
D:2:      layout_basic, basic_altar, chequers_serial_rivers_micro_d
D:3:      layout_basic, mainiacjoe_overflow_surrounded_room, marbit_many_paths,
          mainiacjoe_overflow_large_starburst,
          dreamdust_ecumenical_altar_drowned_temple
D:4:      layout_loops_ring, general_overflow_altar, abandoned_shop,
          serial_bayou_lake_a
D:5:      layout_basic, minmay_temple_entry_overgrown,
          minmay_misc_feat_four_crosses, uniq_blork_the_orc
D:6:      kennysheep_spiral_hall, layout_gridville, hex_large,
          amcnicky_altar_lugonu_corruption, uniq_grinder
D:7:      layout_basic, mainiacjoe_overflow_alcove_4
D:8:      layout_basic, grunt_lair_entry_orc_guard_hut
D:9:      layout_loops_corners, mainiacjoe_overflow_catwalk,
          nicolae_ashenzari_panopticon, minmay_misc_feat_doors

Skill      XL: |  1  2  3  4  5  6  7  8  9 10 |
---------------+-------------------------------+-----
Fighting       | 3 |  3.0
Ranged Weapons | 5 6 7 9 11 13 15 16 | 16.0
Invocations    | 4 |  4.1
Dodging        | |  2.1
Stealth        | |  0.7

Action                   |  1- 3 |  4- 6 |  7- 9 | 10-12 || total
-------------------------+-------+-------+-------+-------++-------
 Fire: Shortbow          |   127 |   180 |   398 |    81 ||   786
Invok: Heroism           |       |       |     2 |       ||     2
  Use: Potion            |       |       |     8 |     1 ||     9
       Scroll            |       |       |     4 |       ||     4
Armor: Leather armour    |    11 |     7 |       |       ||    18
       Ring mail         |       |     6 |    82 |     5 ||    93
Dodge: Dodged            |    17 |    59 |   214 |     8 ||   298
